 Dungeon Crawl Stone Soup version 0.21.1-1-g345015f (webtiles) character file.

1890 letownia2 the Chiller (level 9, 0/45 HPs)
             Began as a Vine Stalker Ice Elementalist on Feb 24, 2018.
             Was a Follower of Sif Muna.
             Slain by a wight
             ... wielding a +4 hand axe of freezing
              (9 damage)
             ... on level 8 of the Dungeon.
             The game lasted 00:27:23 (3793 turns).

letownia2 the Chiller (VSIE)                        Turns: 3793, Time: 00:27:24

Health: 0/45       AC: 12    Str: 16    XL:     9   Next: 15%
Magic:  0/16       EV: 13    Int: 21    God:    Sif Muna [*.....]
Gold:   247        SH:  0    Dex: 14    Spells: 2/16 levels left

rFire    . . .     SeeInvis .   a - +7 long sword of Dismemberment {holy, Str+4 Int+3}
rCold    . . .     Gourm    .   (no shield)
rNeg     . . .     Faith    .   j - +0 leather armour
rPois    +         Spirit   +   r - +0 helmet
rElec    .         Reflect  .   (no cloak)
rCorr    .         Harm     .   J - +0 pair of gloves
MR       +....                  (no boots)
Stlth    ++........             (no amulet)
HPRegen  0.55/turn              K - +1 ring of evasion
MPRegen  0.15/turn              w - ring of poison resistance

@: icy armour, drained, divine energy, slow
A: fangs 3, regeneration 1, magic shield, antimagic bite, no potion heal 3, rot
immunity
a: Stop Divine Energy, Renounce Religion


You were on level 8 of the Dungeon.
You worshipped Sif Muna.
Sif Muna was aware of your devotion.
You were not hungry.

You visited 2 branches of the dungeon, and saw 10 of its levels.

You collected 247 gold pieces.

Inventory:

Hand Weapons
 a - the +7 long sword of Dismemberment (weapon) {holy, Str+4 Int+3}
   (You found it on level 7 of the Dungeon)

   It has been blessed by the Shining One to cause great damage to the undead
   and demons.
   It affects your strength (+4).
   It affects your intelligence (+3).
Missiles
 s - 5 tomahawks (quivered)
Armour
 g - a +0 ring mail of magic resistance
 j - a +0 leather armour (worn)
 r - a +0 helmet (worn)
 J - a +0 pair of gloves (worn)
Magical Staves
 b - an uncursed staff of poison
Jewellery
 n - an uncursed amulet of harm
 w - a ring of poison resistance (right hand)
 G - an uncursed ring of flight
 K - a +1 ring of evasion (left hand)
Wands
 e - a wand of iceblast (17)
 f - a wand of polymorph (16)
 q - a wand of paralysis (25)
 D - a wand of clouds (5)
Scrolls
 d - 2 scrolls of identify
 h - a scroll of fog {unknown}
 m - a scroll of magic mapping
 o - a scroll of amnesia {unknown}
 v - a scroll of remove curse
 y - a scroll of enchant armour {unknown}
 B - 2 scrolls of enchant weapon {unknown}
 I - 2 scrolls of blinking {unknown}
Potions
 i - 2 potions of curing
 l - a potion of cancellation {unknown}
 t - 2 potions of flight {unknown}
 u - 2 potions of resistance {unknown}
 z - a potion of might {unknown}
 A - a potion of agility {unknown}
 C - a potion of invisibility
 F - a potion of lignification {unknown}
Books
 p - a book of Frost

   Spells                             Type                      Level
   a - Freeze                         Ice                          1
   b - Throw Frost                    Conjuration/Ice              2
   c - Ozocubu's Armour               Charms/Ice                   3
   d - Throw Icicle                   Conjuration/Ice              4
   e - Summon Ice Beast               Ice/Summoning                4
Comestibles
 c - 9 rations


   Skills:
 - Level 4.2(3.9) Fighting
 - Level 1.2(1.0) Armour
 - Level 2.2(1.9) Dodging
 - Level 2.4(2.1) Stealth
 + Level 4.2(4.0) Spellcasting
 + Level 3.3(3.0) Conjurations
 - Level 2.4(2.2) Charms
 - Level 3.0(2.7) Summonings
 + Level 7.8(7.5) Ice Magic
 - Level 2.0(1.7) Evocations


You had 2 spell levels left.
You knew the following spells:

 Your Spells              Type           Power        Failure   Level  Hunger
a - Freeze                Ice            ####         1%          1    None
d - Throw Icicle          Conj/Ice       ####....     16%         4    ####...
f - Throw Frost           Conj/Ice       ####..       2%          2    #......
i - Summon Ice Beast      Ice/Summ       ####....     17%         4    ####...
o - Ozocubu's Armour      Chrm/Ice       ###.....     6%          3    ###....


Dungeon Overview and Level Annotations

Branches:
Dungeon (9/15)             Temple (1/1) D:7
   Lair: D:8-11         Orc: D:9-12

Altars:
Ashenzari
Cheibriados
Dithmenos
Elyvilon
Fedhas
Gozag
Hepliaklqana
Kikubaaqudgha
Nemelex Xobeh
Qazlal
Sif Muna
Trog
Vehumet
Wu Jian
Xom
Zin
The Shining One

Annotations:
D:4 Grinder
D:5 5 runed doors


Innate Abilities, Weirdness & Mutations

You have razor-sharp teeth.
Your natural rate of healing is unusually fast.
When hurt, damage is shared between your health and your magic reserves.
Your bite disrupts and absorbs the magic of your enemies.
Potions cannot restore your health.
You are immune to rotting.


Message History

The wight hits you with a hand axe of freezing!
* * * LOW HITPOINT WARNING * * *
The wight freezes you.
* * * LOW HITPOINT WARNING * * *
Unknown command.
Casting: Ozocubu's Armour
Confirm with . or Enter, or press ? or * to list all spells.
Aiming: Throw Icicle
Press: ? - help, Shift-Dir - straight line, f - wight
Aim: a wight, wielding a hand axe of freezing and wearing a robe (severely damaged)
The shard of ice misses the wight.
Sif Muna grants you divine energy.
You briefly lose access to your magic!
The wight hits you but does no damage.
Unknown command.
Unknown command.
There is a stone staircase leading up here.
You regain access to your magic.
All of the chunks of flesh in your inventory have rotted away.
The wight hits you with a hand axe of freezing!
You die...

*,* #.,* *...#.# *,,,*******
*,* #.,* ##.*#.# *,*,,,,,,,,
*,****,,####,*#.# *,,,*******
*,,,,,,,.....##.### *****
******,,**#.......#############
*,,......#.#..<>.........#
**,###.#.#.#############.# *,*
#,#,#z# #.#* *,* *,*,#@# #.#*
***,* *,*,#.####### #.#* *,,,*
*,*,#.......# #.#* *,***
*,*,#######.### #.#* *,*
*,*.#######...# #.#* *,*
*,*.........#.# #.#* *,*
*,*.#######.#.# #.#* *,* *,*,*
#.#.# #.#* *,* *,*,* #.#.# #.#*


You could see a wight.

Vanquished Creatures
  A wyvern (D:8)
  An ice beast (D:5)
  A black bear (D:7)
  3 sky beasts
  A centaur (D:6)
  A phantom (D:4)
  2 bullfrogs
  A scorpion (D:8)
  A wight (D:8)
  2 crimson imps
  A jelly (D:5)
  2 hounds (D:5)
  A bullfrog skeleton (D:4)
  A centaur skeleton (D:8)
  2 orc priests
  7 orc wizards
  2 iguanas
  2 worker ants
  A hound skeleton (D:8)
  A worker ant zombie (D:5)
  Robin (D:2)
  3 gnolls (D:5)
  10 adders
  3 shadow imps
  2 oozes (D:4)
  2 adder zombies
  A dart slug (D:2)
  5 leopard geckos
  21 orcs
  A ball python (D:4)
  3 giant cockroaches
  8 goblins (D:2)
  4 hobgoblins (D:2)
  3 jackals
  2 kobolds
  3 quokkas
  A frilled lizard (D:4)
  2 rats (D:2)
109 creatures vanquished.

Vanquished Creatures (collateral kills)
  A phantom (D:6)
  An orc (D:5)
2 creatures vanquished.

Grand Total: 111 creatures vanquished

Notes
Turn   | Place    | Note
-------+----------+-------------------------------------------
     0 | D:1      | letownia2 the Vine Stalker Ice Elementalist began the quest for the Orb.
     0 | D:1      | Reached XP level 1. HP: 9/9 MP: 4/4
   141 | D:2      | Reached XP level 2. HP: 11/13 MP: 6/6
   221 | D:2      | Found an ornate altar of the Wu Jian Council.
   358 | D:4      | Noticed a phantom
   373 | D:3      | Found a snail-covered altar of Cheibriados.
   379 | D:3      | Reached skill level 4 in Ice Magic
   389 | D:3      | Reached XP level 3. HP: 7/16 MP: 0/7
   461 | D:2      | Learned a level 3 spell: Ozocubu's Armour
   619 | D:2      | Noticed Robin
   634 | D:2      | Killed Robin
   634 | D:2      | Gained mutation: Your natural rate of healing is unusually fast. [Vine Stalker growth]
   634 | D:2      | Reached XP level 4. HP: 3/21 MP: 0/8
   740 | D:5      | Entered Level 5 of the Dungeon
   753 | D:5      | Reached skill level 1 in Charms
   850 | D:5      | Noticed a bullfrog
   858 | D:5      | Killed a bullfrog
   858 | D:5      | Reached skill level 1 in Fighting
   858 | D:5      | Reached skill level 1 in Armour
   858 | D:5      | Reached XP level 5. HP: 18/25 MP: 0/10
   983 | D:5      | Learned a level 2 spell: Throw Frost
  1004 | D:5      | Reached XP level 6. HP: 30/30 MP: 2/11
  1043 | D:4      | Found a white marble altar of Elyvilon.
  1166 | D:4      | Found an opulent altar of Gozag.
  1182 | D:4      | Noticed Grinder
  1276 | D:5      | Learned a level 4 spell: Summon Ice Beast
  1312 | D:5      | Noticed a sky beast
  1324 | D:5      | Killed a sky beast
  1324 | D:5      | Reached skill level 1 in Summonings
  1324 | D:5      | Reached skill level 5 in Ice Magic
  1324 | D:5      | Reached XP level 7. HP: 28/36 MP: 0/12
  1447 | D:5      | Found the +9 staff of Olgreb {rPois}
  1449 | D:5      | Found a runed door.
  1454 | D:5      | Found a runed gate.
  1454 | D:5      | Noticed a soldier ant
  1454 | D:5      | Noticed a soldier ant
  1455 | D:5      | Found a runed door.
  1637 | D:5      | Found a runed gate.
  1639 | D:5      | Found a runed gate.
  1724 | D:6      | Found a stormy altar of Qazlal.
  1957 | D:5      | Reached skill level 6 in Ice Magic
  2125 | D:6      | Gained mutation: You have razor-sharp teeth. [Vine Stalker growth]
  2125 | D:6      | Reached XP level 8. HP: 40/40 MP: 11/13
  2918 | D:7      | Found a bloodstained altar of Trog.
  2940 | D:7      | Reached skill level 1 in Evocations
  3016 | D:7      | Reached skill level 7 in Ice Magic
  3073 | D:7      | Got a twisted long sword
  3074 | D:7      | Identified the +7 long sword of Dismemberment {holy, Str+4 Int+3} (You found it on level 7 of the Dungeon)
  3230 | D:7      | Found a staircase to the Ecumenical Temple.
  3237 | Temple   | Entered the Ecumenical Temple
  3307 | Temple   | Became a worshipper of Sif Muna the Loreminder
  3456 | D:8      | Found a radiant altar of Vehumet.
  3503 | D:8      | Learned a level 4 spell: Throw Icicle
  3538 | D:8      | Noticed a wyvern
  3544 | D:8      | Killed a wyvern
  3544 | D:8      | Reached XP level 9. HP: 36/45 MP: 6/16
  3556 | D:8      | Reached * piety under Sif Muna
  3727 | D:8      | Noticed a two-headed ogre
  3793 | D:8      | Slain by a wight

Skill      XL: |  1  2  3  4  5  6  7  8 |
---------------+-------------------------+-----
Ice Magic      | 4 5 6 7 |  7.8
Charms         | 1 2 |  2.4
Fighting       | 1 2 3 4 |  4.2
Armour         | 1 |  1.2
Dodging        | 2 |  2.2
Summonings     | 1 3 |  3.0
Evocations     | 2 |  2.0
Spellcasting   | 4 |  4.2
Conjurations   | 3 |  3.3
Stealth        | |  2.4

Action                   |  1- 3 |  4- 6 |  7- 9 || total
-------------------------+-------+-------+-------++-------
Melee: Staff             |    19 |    91 |    44 ||   154
       Bite              |     6 |    28 |    46 ||    80
       Unarmed           |     3 |       |       ||     3
       Quarterstaff      |       |       |    63 ||    63
       Long sword        |       |       |    46 ||    46
       Dagger            |       |       |    12 ||    12
Throw: Tomahawk          |       |       |     3 ||     3
 Cast: Freeze            |    36 |    42 |    79 ||   157
       Ozocubu's Armour  |       |     7 |    22 ||    29
       Summon Ice Beast  |       |       |     3 ||     3
       Throw Icicle      |       |       |     1 ||     1
Invok: Divine Energy     |       |       |     1 ||     1
Evoke: Wand              |       |       |     1 ||     1
  Use: Potion            |     1 |       |     1 ||     2
       Scroll            |       |       |     5 ||     5
 Stab: Sleeping          |     1 |     1 |       ||     2
  Eat: Chunk             |       |     4 |    13 ||    17
Armor: Robe              |     3 |       |       ||     3
       Leather armour    |    10 |    63 |   112 ||   185
Dodge: Dodged            |    20 |    99 |   184 ||   303
       Rpst.: Long sword |       |       |    13 ||    13
